Pick #1

Connor Bedard
Pick #2

Leo Carlsson
Pick #3

Adam Fantilli
Pick #4

Matvei Michkov
Pick #5

David Reinbacher
Pick #6

William Smith
Pick #7

Zachary Benson
Pick #8

Ryan Leonard
Pick #9

Gabriel Perreault
Pick #10

Axel Sandin-Pellika
Pick #11

Daniil But
Pick #12

Dalibor Dvorsky
Pick #13

Quentin Musty
Pick #14

Brayden Yager
Pick #15

Dmitry Simashev
Pick #16

Colby Barlow
Pick #17

Andrew Cristall
Pick #18

Easton Cowan
Pick #19

Jacob Fowler
Pick #20

Oliver Moore
Pick #21

Oliver Bonk
Pick #22

Tom Willander
Pick #23

Calum Ritchie
Pick #24

Tanner Molendyk
Pick #25

Gavin Brindley
Pick #26

Nate Danielson
Pick #27

Pick #28

Pick #29

Pick #30

Pick #31

Pick #32

Pick #33

Pick #34

Pick #35

Pick #36

Pick #37

Pick #38

Pick #39

Pick #40

Pick #41

Pick #42

Pick #43

Pick #44

Pick #45

Pick #46

Pick #47

Pick #48

Pick #49

Pick #50

Pick #51

Pick #52

Pick #53

Pick #54

Pick #55

Pick #56

Pick #57

Pick #58

Pick #59

Pick #60

Pick #61

Pick #62

Pick #63

Pick #64

Pick #65

Pick #66

Pick #67

Pick #68

Pick #69

Pick #70

Pick #71

Pick #72

Pick #73

Pick #74

Pick #75

Pick #76

Pick #77

Pick #78

Pick #79

Pick #80

Pick #81

Pick #82

Pick #83

Pick #84

Pick #85

Pick #86

Pick #87

Pick #88

Pick #89

Pick #90

Pick #91

Pick #92

Pick #93

Pick #94

Pick #95

Pick #96

Pick #97

Pick #98

Pick #99

Pick #100

Pick #101

Pick #102

Pick #103

Pick #104

Pick #105

Pick #106

Pick #107

Pick #108

Pick #109

Pick #110

Pick #111

Pick #112

Pick #113

Pick #114

Pick #115

Pick #116

Pick #117

Pick #118

Pick #119

Pick #120

Pick #121

Pick #122

Pick #123

Pick #124

Pick #125

Pick #126

Pick #127

Pick #128

Pick #129

Pick #130

Full Scoreboard »»

Jets vs BlackHawks

Created - January 25, 2024 at 21:15

Goals
1 2 3 T
Jets 3 2 1 6
BlackHawks 1 2 1 4
Shots
1 2 3 T
Jets 11 15 6 32
BlackHawks 9 9 6 24

GoalsPenalties
1st period
1. Jets , Gustav Nyquist 9 (Oliver Bjorkstrand 14) at 1:00
2. Jets , Garnet Hathaway 6 (Andreas Athanasiou 17, Nate Schmidt 10) at 1:44
3. Jets , Dmitry Orlov 9 (Victor Olofsson 7, Gustav Nyquist 11) at 14:49 (PP)
4. BlackHawks , Marc-Edouard Vlasic 2 (Max Domi 13, Anders Lee 19) at 19:37
Jordan Martinook (CHI) for Holding (Minor) at 13:37
2nd period
5. Jets , Andre Burakovsky 12 (Nick Schmaltz 21, Reilly Smith 14) at 0:22
6. BlackHawks , Ty Dellandrea 10 (Justin Braun 8, Andrei Kuzmenko 15) at 4:03
7. Jets , Oliver Bjorkstrand 12 (Gustav Nyquist 12, Dmitry Orlov 20) at 6:16
8. BlackHawks , Tyler Seguin 9 (Anders Lee 20, Evgeny Kuznetsov 18) at 19:24 (PP)
Connor Murphy (WPG) for Goalie Interference (Minor) at 13:47
Sonny Milano (CHI) for High sticking (Minor) at 16:01
Connor Murphy (WPG) for Hooking (Minor) at 18:24
3rd period
9. BlackHawks , Andrei Kuzmenko 17 (Nick Leddy 15, Tyler Seguin 14) at 11:51
10. Jets , Reilly Smith 12 (Dmitry Orlov 21, Gustav Nyquist 13) at 19:36
Marc-Edouard Vlasic (CHI) for Hooking (Minor) at 2:36
Ivan Barbashev (CHI) for Interference (Minor) at 17:08
Goalie Stats
Darcy Kuemper (WPG), 20 saves from 24 shots - (0.833), W, 18-8-6, 60:00 minutes
Casey DeSmith (CHI), 9 saves from 13 shots - (0.692), 20:22 minutes
Marc-Andre Fleury (CHI), 17 saves from 19 shots - (0.895), L, 14-18-4, 39:38 minutes
3 StarsOfficial
1 - Gustav Nyquist (WPG)
2 - Dmitry Orlov (WPG)
3 - Oliver Bjorkstrand (WPG)
Referees : Tim Peel and Ben O'Quinn
Linesman : Steve Miller and Michel Cormier
Game Note
Marc-Andre Fleury enters game at 0:22 of 2nd period
Finance
Level 1 -- Attendance: 5944 (91.45%) -- Ticket Income $653,840
Level 2 -- Attendance: 3567 (71.34%) -- Ticket Income $356,700
Level 3 -- Attendance: 2238 (63.94%) -- Ticket Income $190,230
Level 4 -- Attendance: 2095 (56.36%) -- Ticket Income $104,750
Luxury Box -- Attendance: 883 (88.30%) -- Ticket Income $176,600
Game was played at the United Center.
Total Attendance: 14727 (74.69%)
Total Ticket Income: $1,482,120
Other Income: $370,530
Total Income: $1,852,650



Team Name Goals Shots Shots Attemp Shots Blocked PIM HIT PP PK FO%
Jets 6325394281 / 4 (25%)151%
BlackHawks 4245158301 / 2 (50%)149%

Jets
Player Name POS G A P +/- PIM HIT SHT SB MP PP MP PP SHT PK MP PK SHT FO% FOT
Andre BurakovskyLW1010012020:183:5900:0900% 0
Andreas AthanasiouC0110001011:010:0001:00064% 11
Connor MurphyD0000451017:410:0000:0000% 0
Darren HelmC000-100108:310:0000:0000% 0
Dmitry OrlovD1232041025:293:5011:3600% 0
Garnet HathawayRW1010024010:010:0000:0000% 0
Gustav NyquistC1343011120:033:1001:43038% 24
Hampus LindholmD0002031225:463:1912:2400% 0
Joe VelenoC000-100008:310:0000:0000% 0
Justin BarronD0000020012:280:0000:2200% 0
Mark JankowskiC000-101209:420:0001:11054% 13
Nate SchmidtD0110012215:563:5020:0000% 0
Nick SchmaltzC0111026120:383:5900:00055% 31
Oliver BjorkstrandRW1122042017:513:1000:00025% 4
Reilly SmithRW1121014122:333:5911:55033% 3
Thomas NovakC0000001010:010:0000:000100% 3
Torey KrugD0000010222:383:1901:3600% 0
Victor OlofssonLW0112003017:513:1000:0000% 0
BlackHawks
Player Name POS G A P +/- PIM HIT SHT SB MP PP MP PP SHT PK MP PK SHT FO% FOT
Anders LeeLW0220013017:191:2900:39050% 2
Andrei KuzmenkoLW1120012014:041:3010:000100% 1
Braden SchneiderD0000070322:041:2902:5200% 0
Derek ForbortD000-2020024:591:3004:2400% 0
Evgeny KuznetsovC011-2021024:201:2904:38063% 35
Ivan BarbashevC000-1234017:091:3000:00025% 16
Jaden SchwartzC000000104:170:0000:00022% 9
Jordan MartinookLW0000230017:010:0003:4400% 0
Justin BraunD0110010013:590:0000:5500% 0
Kirill KaprizovLW000-2004017:500:0000:0000% 0
Marc-Edouard VlasicD1010212121:251:2901:5000% 0
Max DomiC0110000015:110:0000:0000% 0
Nick LeddyD011-2000124:211:3003:4600% 0
Nick RitchieLW000-3031020:241:3000:0000% 1
Ryan DonatoC000003105:460:0003:0500% 1
Sonny MilanoLW000021205:170:0001:0100% 2
Ty DellandreaC1011021013:470:0001:42050% 2
Tyler SeguinC1121002013:341:2910:00065% 20



Play-by-Play

1st period


0:01 of 1st period - Evgeny Kuznetsov wins face-off versus Nick Schmaltz in neutral zone.
0:01 of 1st period - Evgeny Kuznetsov is hit by Reilly Smith.
0:23 of 1st period - Icing by Hampus Lindholm.
0:24 of 1st period - Nick Schmaltz wins face-off versus Anders Lee in Jets zone.
0:36 of 1st period - Off-side.
0:37 of 1st period - Tyler Seguin wins face-off versus Oliver Bjorkstrand in neutral zone.
1:00 of 1st period - Shot by Gustav Nyquist.
1:00 of 1st period - Goal by Gustav Nyquist - Jets : 1 - BlackHawks : 0.
1:01 of 1st period - Andreas Athanasiou wins face-off versus Ivan Barbashev in neutral zone.
1:27 of 1st period - Max Domi is hit by Nate Schmidt and loses puck.
1:44 of 1st period - Shot by Garnet Hathaway.
1:44 of 1st period - Goal by Garnet Hathaway - Jets : 2 - BlackHawks : 0.
1:45 of 1st period - Mark Jankowski wins face-off versus Evgeny Kuznetsov in neutral zone.
1:54 of 1st period - Darren Helm is hit by Nick Ritchie and loses puck.
2:09 of 1st period - Shot by Evgeny Kuznetsov.
2:09 of 1st period - Deflect By Kirill Kaprizov.
2:09 of 1st period - Stopped by Darcy Kuemper without a rebound.
2:10 of 1st period - Gustav Nyquist wins face-off versus Jaden Schwartz in Jets zone.
2:10 of 1st period - Gustav Nyquist is hit by Sonny Milano.
2:16 of 1st period - Off-side.
2:17 of 1st period - Jaden Schwartz wins face-off versus Nick Schmaltz in neutral zone.
2:26 of 1st period - Shot by Sonny Milano.
2:26 of 1st period - Stopped by Darcy Kuemper without a rebound.
2:27 of 1st period - Gustav Nyquist wins face-off versus Evgeny Kuznetsov in Jets zone.
2:36 of 1st period - Shot by Oliver Bjorkstrand.
2:36 of 1st period - Stopped by Casey DeSmith without a rebound.
2:37 of 1st period - Nick Schmaltz wins face-off versus Tyler Seguin in BlackHawks zone.
2:38 of 1st period - Shot by Torey Krug.
2:38 of 1st period - Shot Misses the Net.
3:03 of 1st period - Shot by Nick Schmaltz.
3:03 of 1st period - Stopped by Casey DeSmith without a rebound.
3:04 of 1st period - Oliver Bjorkstrand wins face-off versus Evgeny Kuznetsov in BlackHawks zone.
4:04 of 1st period - Hampus Lindholm is hit by Derek Forbort and loses puck.
4:29 of 1st period - Shot by Anders Lee.
4:29 of 1st period - Shot Misses the Net.
4:39 of 1st period - Shot by Darren Helm.
4:39 of 1st period - Stopped by Casey DeSmith without a rebound.
4:40 of 1st period - Nick Schmaltz wins face-off versus Sonny Milano in BlackHawks zone.
4:45 of 1st period - Shot by Nick Schmaltz.
4:45 of 1st period - Stopped by Casey DeSmith without a rebound.
4:46 of 1st period - Nick Schmaltz wins face-off versus Tyler Seguin in BlackHawks zone.
4:55 of 1st period - Shot by Nick Schmaltz.
4:55 of 1st period - Shot Misses the Net.
4:58 of 1st period - Icing by Tyler Seguin.
4:59 of 1st period - Tyler Seguin wins face-off versus Andreas Athanasiou in BlackHawks zone.
6:10 of 1st period - Shot by Kirill Kaprizov.
6:10 of 1st period - Shot Misses the Net.
6:16 of 1st period - Shot by Reilly Smith.
6:16 of 1st period - Shot Blocked by Nick Leddy.
7:57 of 1st period - Anders Lee is hit by Gustav Nyquist and loses puck.
8:17 of 1st period - Connor Murphy is hit by Ryan Donato and loses puck.
8:31 of 1st period - Connor Murphy is hit by Jordan Martinook and loses puck.
8:39 of 1st period - Off-side.
8:40 of 1st period - Tyler Seguin wins face-off versus Nick Schmaltz in neutral zone.
9:03 of 1st period - Hampus Lindholm is hit by Ty Dellandrea and loses puck.
9:56 of 1st period - Shot by Kirill Kaprizov.
9:56 of 1st period - Shot Blocked by Torey Krug.
10:09 of 1st period - Evgeny Kuznetsov is hit by Connor Murphy and loses puck.
10:25 of 1st period - Icing by Justin Braun.
10:26 of 1st period - Evgeny Kuznetsov wins face-off versus Oliver Bjorkstrand in BlackHawks zone.
11:21 of 1st period - Shot by Ivan Barbashev.
11:21 of 1st period - Shot Misses the Net.
11:23 of 1st period - Shot by Marc-Edouard Vlasic.
11:23 of 1st period - Shot Blocked by Hampus Lindholm.
11:25 of 1st period - Shot by Ivan Barbashev.
11:25 of 1st period - Stopped by Darcy Kuemper with a rebound.
11:45 of 1st period - Shot by Anders Lee.
11:45 of 1st period - Deflect By Ivan Barbashev.
11:45 of 1st period - Stopped by Darcy Kuemper without a rebound.
11:46 of 1st period - Tyler Seguin wins face-off versus Mark Jankowski in Jets zone.
12:35 of 1st period - Icing by Nick Leddy.
12:36 of 1st period - Nick Schmaltz wins face-off versus Tyler Seguin in BlackHawks zone.
13:09 of 1st period - Shot by Reilly Smith.
13:09 of 1st period - Stopped by Casey DeSmith without a rebound.
13:10 of 1st period - Jaden Schwartz wins face-off versus Gustav Nyquist in BlackHawks zone.
13:18 of 1st period - Sonny Milano is hit by Justin Barron and loses puck.
13:37 of 1st period - Minor Penalty to Jordan Martinook for Holding.
13:38 of 1st period - Evgeny Kuznetsov wins face-off versus Nick Schmaltz in BlackHawks zone.
13:47 of 1st period - Braden Schneider is hit by Andre Burakovsky and loses puck.
14:16 of 1st period - Shot by Reilly Smith.
14:16 of 1st period - Stopped by Casey DeSmith without a rebound.
14:17 of 1st period - Gustav Nyquist wins face-off versus Evgeny Kuznetsov in BlackHawks zone.
14:22 of 1st period - Shot by Dmitry Orlov.
14:22 of 1st period - Shot Misses the Net.
14:24 of 1st period - Shot by Nate Schmidt.
14:24 of 1st period - Stopped by Casey DeSmith without a rebound.
14:25 of 1st period - Evgeny Kuznetsov wins face-off versus Gustav Nyquist in BlackHawks zone.
14:49 of 1st period - Shot by Dmitry Orlov.
14:49 of 1st period - Goal by Dmitry Orlov - Jets : 3 - BlackHawks : 0.
14:50 of 1st period - Ivan Barbashev wins face-off versus Nick Schmaltz in neutral zone.
15:09 of 1st period - Shot by Anders Lee.
15:09 of 1st period - Shot Blocked by Reilly Smith.
15:11 of 1st period - Shot by Ivan Barbashev.
15:11 of 1st period - Stopped by Darcy Kuemper without a rebound.
15:12 of 1st period - Tyler Seguin wins face-off versus Andreas Athanasiou in Jets zone.
15:37 of 1st period - Shot by Andrei Kuzmenko.
15:37 of 1st period - Shot Misses the Net.
15:39 of 1st period - Shot by Marc-Edouard Vlasic.
15:39 of 1st period - Stopped by Darcy Kuemper without a rebound.
15:40 of 1st period - Evgeny Kuznetsov wins face-off versus Nick Schmaltz in Jets zone.
15:51 of 1st period - Shot by Nick Ritchie.
15:51 of 1st period - Stopped by Darcy Kuemper without a rebound.
15:52 of 1st period - Ivan Barbashev wins face-off versus Gustav Nyquist in Jets zone.
16:12 of 1st period - Icing by Victor Olofsson.
16:13 of 1st period - Evgeny Kuznetsov wins face-off versus Gustav Nyquist in Jets zone.
16:21 of 1st period - Icing by Dmitry Orlov.
16:22 of 1st period - Gustav Nyquist wins face-off versus Evgeny Kuznetsov in Jets zone.
17:22 of 1st period - Torey Krug is hit by Braden Schneider and loses puck.
17:39 of 1st period - Shot by Anders Lee.
17:39 of 1st period - Stopped by Darcy Kuemper without a rebound.
17:40 of 1st period - Mark Jankowski wins face-off versus Jaden Schwartz in Jets zone.
17:40 of 1st period - Mark Jankowski is hit by Ryan Donato.
18:03 of 1st period - Icing by Justin Braun.
18:04 of 1st period - Andreas Athanasiou wins face-off versus Jaden Schwartz in BlackHawks zone.
18:19 of 1st period - Shot by Jaden Schwartz.
18:19 of 1st period - Shot Misses the Net.
18:24 of 1st period - Hampus Lindholm is hit by Jordan Martinook and loses puck.
18:27 of 1st period - Shot by Andreas Athanasiou.
18:27 of 1st period - Shot Misses the Net.
18:57 of 1st period - Shot by Reilly Smith.
18:57 of 1st period - Stopped by Casey DeSmith without a rebound.
18:58 of 1st period - Nick Schmaltz wins face-off versus Ivan Barbashev in BlackHawks zone.
19:33 of 1st period - Shot by Anders Lee.
19:33 of 1st period - Shot Misses the Net.
19:35 of 1st period - Shot by Max Domi.
19:35 of 1st period - Shot Misses the Net.
19:37 of 1st period - Shot by Marc-Edouard Vlasic.
19:37 of 1st period - Goal by Marc-Edouard Vlasic - Jets : 3 - BlackHawks : 1.
19:38 of 1st period - Evgeny Kuznetsov wins face-off versus Gustav Nyquist in neutral zone.
Goals for this period are 3 for Jets vs 1 for BlackHawks.
Shots for this period are 11 for Jets vs 9 for BlackHawks.

2nd period


0:01 of 2nd period - Evgeny Kuznetsov wins face-off versus Nick Schmaltz in neutral zone.
0:20 of 2nd period - Shot by Nick Schmaltz.
0:20 of 2nd period - Stopped by Casey DeSmith with a rebound.
0:22 of 2nd period - Shot by Andre Burakovsky.
0:22 of 2nd period - Goal by Andre Burakovsky - Jets : 4 - BlackHawks : 1.
0:22 of 2nd period - Marc-Andre Fleury enters game.
0:23 of 2nd period - Mark Jankowski wins face-off versus Ivan Barbashev in neutral zone.
0:57 of 2nd period - Icing by Ivan Barbashev.
0:58 of 2nd period - Nick Schmaltz wins face-off versus Ivan Barbashev in BlackHawks zone.
0:58 of 2nd period - Nick Schmaltz is hit by Braden Schneider.
1:05 of 2nd period - Reilly Smith is hit by Braden Schneider and loses puck.
1:12 of 2nd period - Shot by Reilly Smith.
1:12 of 2nd period - Shot Blocked by Braden Schneider.
1:14 of 2nd period - Shot by Nick Schmaltz.
1:14 of 2nd period - Stopped by Marc-Andre Fleury without a rebound.
1:15 of 2nd period - Evgeny Kuznetsov wins face-off versus Gustav Nyquist in BlackHawks zone.
1:20 of 2nd period - Shot by Kirill Kaprizov.
1:20 of 2nd period - Shot Blocked by Nate Schmidt.
1:28 of 2nd period - Kirill Kaprizov is hit by Oliver Bjorkstrand and loses puck.
1:50 of 2nd period - Shot by Victor Olofsson.
1:50 of 2nd period - Stopped by Marc-Andre Fleury without a rebound.
1:51 of 2nd period - Nick Schmaltz wins face-off versus Jaden Schwartz in BlackHawks zone.
1:55 of 2nd period - Icing by Justin Braun.
1:56 of 2nd period - Nick Schmaltz wins face-off versus Jaden Schwartz in BlackHawks zone.
2:04 of 2nd period - Off-side.
2:05 of 2nd period - Nick Schmaltz wins face-off versus Ivan Barbashev in neutral zone.
3:15 of 2nd period - Icing by Marc-Edouard Vlasic.
3:16 of 2nd period - Evgeny Kuznetsov wins face-off versus Gustav Nyquist in BlackHawks zone.
3:16 of 2nd period - Evgeny Kuznetsov is hit by Oliver Bjorkstrand.
3:30 of 2nd period - Shot by Kirill Kaprizov.
3:30 of 2nd period - Deflect By Evgeny Kuznetsov.
3:30 of 2nd period - Shot Hit the Post.
3:40 of 2nd period - Shot by Marc-Edouard Vlasic.
3:40 of 2nd period - Shot Misses the Net.
3:42 of 2nd period - Shot by Evgeny Kuznetsov.
3:42 of 2nd period - Shot Misses the Net.
3:44 of 2nd period - Shot by Kirill Kaprizov.
3:44 of 2nd period - Shot Blocked by Gustav Nyquist.
3:46 of 2nd period - Shot by Evgeny Kuznetsov.
3:46 of 2nd period - Deflect By Kirill Kaprizov.
3:46 of 2nd period - Stopped by Darcy Kuemper with a rebound.
3:48 of 2nd period - Shot by Evgeny Kuznetsov.
3:48 of 2nd period - Stopped by Darcy Kuemper without a rebound.
3:49 of 2nd period - Thomas Novak wins face-off versus Ty Dellandrea in Jets zone.
4:01 of 2nd period - Shot by Justin Braun.
4:01 of 2nd period - Shot Misses the Net.
4:03 of 2nd period - Shot by Ty Dellandrea.
4:03 of 2nd period - Goal by Ty Dellandrea - Jets : 4 - BlackHawks : 2.
4:04 of 2nd period - Mark Jankowski wins face-off versus Ivan Barbashev in neutral zone.
4:06 of 2nd period - Off-side.
4:07 of 2nd period - Tyler Seguin wins face-off versus Mark Jankowski in neutral zone.
4:18 of 2nd period - Shot by Mark Jankowski.
4:18 of 2nd period - Stopped by Marc-Andre Fleury without a rebound.
4:19 of 2nd period - Thomas Novak wins face-off versus Nick Ritchie in BlackHawks zone.
4:19 of 2nd period - Thomas Novak is hit by Braden Schneider.
4:23 of 2nd period - Shot by Garnet Hathaway.
4:23 of 2nd period - Stopped by Marc-Andre Fleury with a rebound.
4:25 of 2nd period - Shot by Andreas Athanasiou.
4:25 of 2nd period - Shot Blocked by Braden Schneider.
4:27 of 2nd period - Shot by Andreas Athanasiou.
4:27 of 2nd period - Stopped by Marc-Andre Fleury with a rebound.
4:29 of 2nd period - Shot by Garnet Hathaway.
4:29 of 2nd period - Shot Misses the Net.
4:31 of 2nd period - Shot by Connor Murphy.
4:31 of 2nd period - Shot Misses the Net.
4:51 of 2nd period - Shot by Connor Murphy.
4:51 of 2nd period - Stopped by Marc-Andre Fleury without a rebound.
4:52 of 2nd period - Gustav Nyquist wins face-off versus Ivan Barbashev in BlackHawks zone.
5:05 of 2nd period - Shot by Anders Lee.
5:05 of 2nd period - Stopped by Darcy Kuemper without a rebound.
5:06 of 2nd period - Mark Jankowski wins face-off versus Tyler Seguin in Jets zone.
5:06 of 2nd period - Mark Jankowski is hit by Andrei Kuzmenko.
5:23 of 2nd period - Mark Jankowski is hit by Jordan Martinook and loses puck.
5:31 of 2nd period - Icing by Justin Braun.
5:32 of 2nd period - Tyler Seguin wins face-off versus Nick Schmaltz in BlackHawks zone.
5:34 of 2nd period - Icing by Ty Dellandrea.
5:35 of 2nd period - Tyler Seguin wins face-off versus Nick Schmaltz in BlackHawks zone.
5:54 of 2nd period - Shot by Reilly Smith.
5:54 of 2nd period - Deflect By Nick Schmaltz.
5:54 of 2nd period - Stopped by Marc-Andre Fleury without a rebound.
5:55 of 2nd period - Evgeny Kuznetsov wins face-off versus Gustav Nyquist in BlackHawks zone.
6:16 of 2nd period - Shot by Oliver Bjorkstrand.
6:16 of 2nd period - Goal by Oliver Bjorkstrand - Jets : 5 - BlackHawks : 2.
6:17 of 2nd period - Reilly Smith wins face-off versus Ivan Barbashev in neutral zone.
6:43 of 2nd period - Marc-Edouard Vlasic is hit by Nick Schmaltz and loses puck.
7:22 of 2nd period - Shot by Victor Olofsson.
7:22 of 2nd period - Shot Misses the Net.
7:24 of 2nd period - Shot by Gustav Nyquist.
7:24 of 2nd period - Shot Misses the Net.
7:32 of 2nd period - Shot by Victor Olofsson.
7:32 of 2nd period - Shot Misses the Net.
7:34 of 2nd period - Shot by Dmitry Orlov.
7:34 of 2nd period - Shot Blocked by Marc-Edouard Vlasic.
7:36 of 2nd period - Shot by Victor Olofsson.
7:36 of 2nd period - Stopped by Marc-Andre Fleury without a rebound.
7:37 of 2nd period - Thomas Novak wins face-off versus Evgeny Kuznetsov in BlackHawks zone.
7:40 of 2nd period - Shot by Garnet Hathaway.
7:40 of 2nd period - Stopped by Marc-Andre Fleury without a rebound.
7:41 of 2nd period - Evgeny Kuznetsov wins face-off versus Andreas Athanasiou in BlackHawks zone.
8:35 of 2nd period - Icing by Nate Schmidt.
8:36 of 2nd period - Andreas Athanasiou wins face-off versus Sonny Milano in Jets zone.
8:48 of 2nd period - Jaden Schwartz is hit by Dmitry Orlov and loses puck.
8:53 of 2nd period - Shot by Sonny Milano.
8:53 of 2nd period - Stopped by Darcy Kuemper with a rebound.
8:55 of 2nd period - Shot by Jaden Schwartz.
8:55 of 2nd period - Stopped by Darcy Kuemper without a rebound.
8:56 of 2nd period - Tyler Seguin wins face-off versus Mark Jankowski in Jets zone.
9:48 of 2nd period - Icing by Mark Jankowski.
9:49 of 2nd period - Mark Jankowski wins face-off versus Evgeny Kuznetsov in Jets zone.
9:56 of 2nd period - Icing by Derek Forbort.
9:57 of 2nd period - Nick Schmaltz wins face-off versus Evgeny Kuznetsov in BlackHawks zone.
10:02 of 2nd period - Shot by Reilly Smith.
10:02 of 2nd period - Shot Misses the Net.
10:05 of 2nd period - Icing by Nick Leddy.
10:06 of 2nd period - Gustav Nyquist wins face-off versus Evgeny Kuznetsov in BlackHawks zone.
10:09 of 2nd period - Shot by Victor Olofsson.
10:09 of 2nd period - Stopped by Marc-Andre Fleury without a rebound.
10:10 of 2nd period - Evgeny Kuznetsov wins face-off versus Gustav Nyquist in BlackHawks zone.
10:10 of 2nd period - Evgeny Kuznetsov is hit by Oliver Bjorkstrand.
10:32 of 2nd period - Evgeny Kuznetsov is hit by Connor Murphy and loses puck.
11:11 of 2nd period - Evgeny Kuznetsov is hit by Hampus Lindholm and loses puck.
11:45 of 2nd period - Max Domi is hit by Hampus Lindholm and loses puck.
12:23 of 2nd period - Off-side.
12:24 of 2nd period - Ty Dellandrea wins face-off versus Mark Jankowski in neutral zone.
13:00 of 2nd period - Icing by Marc-Edouard Vlasic.
13:01 of 2nd period - Tyler Seguin wins face-off versus Gustav Nyquist in BlackHawks zone.
13:01 of 2nd period - Marc-Edouard Vlasic is hit by Oliver Bjorkstrand and loses puck.
13:23 of 2nd period - Icing by Connor Murphy.
13:24 of 2nd period - Evgeny Kuznetsov wins face-off versus Gustav Nyquist in Jets zone.
13:26 of 2nd period - Kirill Kaprizov is hit by Connor Murphy and loses puck.
13:47 of 2nd period - Shot by Kirill Kaprizov.
13:47 of 2nd period - Stopped by Darcy Kuemper without a rebound.
13:47 of 2nd period - Minor Penalty to Connor Murphy for Goalie Interference.
13:48 of 2nd period - Ivan Barbashev wins face-off versus Reilly Smith in Jets zone.
13:53 of 2nd period - Shot by Nick Leddy.
13:53 of 2nd period - Shot Misses the Net.
14:34 of 2nd period - Shot by Reilly Smith.
14:34 of 2nd period - Shot Misses the Net.
16:01 of 2nd period - Minor Penalty to Sonny Milano for High sticking.
16:02 of 2nd period - Nick Schmaltz wins face-off versus Evgeny Kuznetsov in BlackHawks zone.
16:02 of 2nd period - Reilly Smith is hit by Derek Forbort and loses puck.
16:29 of 2nd period - Shot by Nate Schmidt.
16:29 of 2nd period - Stopped by Marc-Andre Fleury without a rebound.
16:30 of 2nd period - Gustav Nyquist wins face-off versus Evgeny Kuznetsov in BlackHawks zone.
16:31 of 2nd period - Shot by Hampus Lindholm.
16:31 of 2nd period - Stopped by Marc-Andre Fleury without a rebound.
16:32 of 2nd period - Evgeny Kuznetsov wins face-off versus Oliver Bjorkstrand in BlackHawks zone.
17:25 of 2nd period - Shot by Ty Dellandrea.
17:25 of 2nd period - Shot Misses the Net.
18:10 of 2nd period - Andreas Athanasiou is hit by Justin Braun and loses puck.
18:16 of 2nd period - Marc-Edouard Vlasic is hit by Connor Murphy and loses puck.
18:22 of 2nd period - Ivan Barbashev is hit by Connor Murphy and loses puck.
18:24 of 2nd period - Minor Penalty to Connor Murphy for Hooking.
18:25 of 2nd period - Gustav Nyquist wins face-off versus Ivan Barbashev in Jets zone.
18:49 of 2nd period - Shot by Andrei Kuzmenko.
18:49 of 2nd period - Shot Blocked by Hampus Lindholm.
18:51 of 2nd period - Shot by Ivan Barbashev.
18:51 of 2nd period - Shot Misses the Net.
18:53 of 2nd period - Shot by Ivan Barbashev.
18:53 of 2nd period - Deflect By Andrei Kuzmenko.
18:53 of 2nd period - Stopped by Darcy Kuemper without a rebound.
18:54 of 2nd period - Evgeny Kuznetsov wins face-off versus Reilly Smith in Jets zone.
19:22 of 2nd period - Shot by Anders Lee.
19:22 of 2nd period - Shot Blocked by Torey Krug.
19:24 of 2nd period - Shot by Tyler Seguin.
19:24 of 2nd period - Goal by Tyler Seguin - Jets : 5 - BlackHawks : 3.
19:25 of 2nd period - Andreas Athanasiou wins face-off versus Jaden Schwartz in neutral zone.
Goals for this period are 2 for Jets vs 2 for BlackHawks.
Shots for this period are 15 for Jets vs 9 for BlackHawks.

3rd period


0:01 of 3rd period - Evgeny Kuznetsov wins face-off versus Nick Schmaltz in neutral zone.
0:19 of 3rd period - Icing by Hampus Lindholm.
0:20 of 3rd period - Nick Schmaltz wins face-off versus Ivan Barbashev in Jets zone.
0:48 of 3rd period - Shot by Ivan Barbashev.
0:48 of 3rd period - Stopped by Darcy Kuemper without a rebound.
0:49 of 3rd period - Evgeny Kuznetsov wins face-off versus Gustav Nyquist in Jets zone.
1:22 of 3rd period - Shot by Kirill Kaprizov.
1:22 of 3rd period - Shot Misses the Net.
1:56 of 3rd period - Shot by Max Domi.
1:56 of 3rd period - Shot Misses the Net.
1:58 of 3rd period - Shot by Anders Lee.
1:58 of 3rd period - Stopped by Darcy Kuemper without a rebound.
1:59 of 3rd period - Nick Schmaltz wins face-off versus Jaden Schwartz in Jets zone.
1:59 of 3rd period - Nick Schmaltz is hit by Ryan Donato.
2:17 of 3rd period - Jaden Schwartz is hit by Dmitry Orlov and loses puck.
2:20 of 3rd period - Shot by Ryan Donato.
2:20 of 3rd period - Stopped by Darcy Kuemper without a rebound.
2:21 of 3rd period - Andreas Athanasiou wins face-off versus Ivan Barbashev in Jets zone.
2:21 of 3rd period - Andreas Athanasiou is hit by Ivan Barbashev.
2:34 of 3rd period - Garnet Hathaway is hit by Marc-Edouard Vlasic and loses puck.
2:36 of 3rd period - Minor Penalty to Marc-Edouard Vlasic for Hooking.
2:37 of 3rd period - Evgeny Kuznetsov wins face-off versus Nick Schmaltz in BlackHawks zone.
2:37 of 3rd period - Evgeny Kuznetsov is hit by Dmitry Orlov.
2:50 of 3rd period - Icing by Nick Schmaltz.
2:51 of 3rd period - Nick Schmaltz wins face-off versus Evgeny Kuznetsov in Jets zone.
3:24 of 3rd period - Ty Dellandrea is hit by Nick Schmaltz and loses puck.
4:45 of 3rd period - Shot by Joe Veleno.
4:45 of 3rd period - Deflect By Mark Jankowski.
4:45 of 3rd period - Stopped by Marc-Andre Fleury without a rebound.
4:46 of 3rd period - Andreas Athanasiou wins face-off versus Tyler Seguin in BlackHawks zone.
4:58 of 3rd period - Icing by Justin Braun.
4:59 of 3rd period - Mark Jankowski wins face-off versus Tyler Seguin in BlackHawks zone.
5:18 of 3rd period - Andrei Kuzmenko is hit by Mark Jankowski.
5:19 of 3rd period - Icing by Andrei Kuzmenko.
5:20 of 3rd period - Tyler Seguin wins face-off versus Nick Schmaltz in BlackHawks zone.
5:24 of 3rd period - Andrei Kuzmenko is hit by Justin Barron and loses puck.
5:41 of 3rd period - Shot by Andre Burakovsky.
5:41 of 3rd period - Shot Misses the Net.
5:45 of 3rd period - Shot by Nick Schmaltz.
5:45 of 3rd period - Stopped by Marc-Andre Fleury without a rebound.
5:46 of 3rd period - Evgeny Kuznetsov wins face-off versus Gustav Nyquist in BlackHawks zone.
7:15 of 3rd period - Torey Krug is hit by Ivan Barbashev and loses puck.
7:33 of 3rd period - Nick Schmaltz is hit by Braden Schneider and loses puck.
8:17 of 3rd period - Shot by Garnet Hathaway.
8:17 of 3rd period - Stopped by Marc-Andre Fleury with a rebound.
8:19 of 3rd period - Shot by Thomas Novak.
8:19 of 3rd period - Stopped by Marc-Andre Fleury without a rebound.
8:20 of 3rd period - Andrei Kuzmenko wins face-off versus Mark Jankowski in BlackHawks zone.
8:31 of 3rd period - Icing by Derek Forbort.
8:32 of 3rd period - Tyler Seguin wins face-off versus Andreas Athanasiou in BlackHawks zone.
8:32 of 3rd period - Tyler Seguin is hit by Garnet Hathaway.
8:35 of 3rd period - Nick Leddy is hit by Garnet Hathaway and loses puck.
8:51 of 3rd period - Torey Krug is hit by Ty Dellandrea.
9:05 of 3rd period - Shot by Garnet Hathaway.
9:05 of 3rd period - Shot Misses the Net.
10:11 of 3rd period - Shot by Andre Burakovsky.
10:11 of 3rd period - Stopped by Marc-Andre Fleury without a rebound.
10:12 of 3rd period - Gustav Nyquist wins face-off versus Ivan Barbashev in BlackHawks zone.
10:19 of 3rd period - Shot by Gustav Nyquist.
10:19 of 3rd period - Deflect By Oliver Bjorkstrand.
10:19 of 3rd period - Shot Blocked by Braden Schneider.
10:21 of 3rd period - Shot by Gustav Nyquist.
10:21 of 3rd period - Shot Hit the Post.
10:43 of 3rd period - Nate Schmidt is hit by Anders Lee and loses puck.
11:10 of 3rd period - Hampus Lindholm is hit by Ivan Barbashev and loses puck.
11:21 of 3rd period - Shot by Tyler Seguin.
11:21 of 3rd period - Stopped by Darcy Kuemper with a rebound.
11:51 of 3rd period - Shot by Andrei Kuzmenko.
11:51 of 3rd period - Goal by Andrei Kuzmenko - Jets : 5 - BlackHawks : 4.
11:52 of 3rd period - Evgeny Kuznetsov wins face-off versus Nick Schmaltz in neutral zone.
11:54 of 3rd period - Kirill Kaprizov is hit by Torey Krug and loses puck.
12:27 of 3rd period - Shot by Jordan Martinook.
12:27 of 3rd period - Shot Blocked by Nick Schmaltz.
13:00 of 3rd period - Icing by Derek Forbort.
13:01 of 3rd period - Tyler Seguin wins face-off versus Gustav Nyquist in BlackHawks zone.
13:25 of 3rd period - Icing by Nick Leddy.
13:26 of 3rd period - Andreas Athanasiou wins face-off versus Tyler Seguin in BlackHawks zone.
14:36 of 3rd period - Shot by Kirill Kaprizov.
14:36 of 3rd period - Stopped by Darcy Kuemper without a rebound.
14:37 of 3rd period - Ivan Barbashev wins face-off versus Nick Schmaltz in Jets zone.
15:01 of 3rd period - Max Domi is hit by Dmitry Orlov.
15:06 of 3rd period - Icing by Dmitry Orlov.
15:07 of 3rd period - Nick Schmaltz wins face-off versus Evgeny Kuznetsov in Jets zone.
15:07 of 3rd period - Nick Schmaltz is hit by Evgeny Kuznetsov.
15:26 of 3rd period - Nick Ritchie is hit by Hampus Lindholm.
15:54 of 3rd period - Gustav Nyquist is hit by Evgeny Kuznetsov and loses puck.
16:04 of 3rd period - Connor Murphy is hit by Nick Ritchie and loses puck.
16:10 of 3rd period - Torey Krug is hit by Braden Schneider and loses puck.
16:22 of 3rd period - Gustav Nyquist is hit by Braden Schneider and loses puck.
16:33 of 3rd period - Darren Helm is hit by Nick Ritchie and loses puck.
17:08 of 3rd period - Minor Penalty to Ivan Barbashev for Interference.
17:09 of 3rd period - Nick Schmaltz wins face-off versus Ryan Donato in BlackHawks zone.
18:13 of 3rd period - Icing by Nate Schmidt.
18:14 of 3rd period - Evgeny Kuznetsov wins face-off versus Gustav Nyquist in Jets zone.
18:19 of 3rd period - Shot by Jordan Martinook.
18:19 of 3rd period - Shot Misses the Net.
18:21 of 3rd period - Shot by Jordan Martinook.
18:21 of 3rd period - Shot Blocked by Nate Schmidt.
18:23 of 3rd period - Shot by Jordan Martinook.
18:23 of 3rd period - Shot Misses the Net.
19:18 of 3rd period - Shot by Reilly Smith.
19:18 of 3rd period - Shot Misses the Net.
19:34 of 3rd period - Shot by Dmitry Orlov.
19:34 of 3rd period - Shot Misses the Net.
19:36 of 3rd period - Shot by Reilly Smith.
19:36 of 3rd period - Goal by Reilly Smith - Jets : 6 - BlackHawks : 4.
19:37 of 3rd period - Anders Lee wins face-off versus Mark Jankowski in neutral zone.
Goals for this period are 1 for Jets vs 1 for BlackHawks.
Shots for this period are 6 for Jets vs 6 for BlackHawks.